 Dungeon Crawl Stone Soup version 0.28.0 (webtiles) character file.

Game seed: 15705115315546047242

3 Masnef the Magician (level 1, 0/10 HPs)
             Began as a Deep Elf Wanderer on Feb 13, 2022.
             Slain by a jackal (3 damage)
             ... on level 2 of the Dungeon.
             The game lasted 00:00:49 (53 turns).

Masnef the Magician (Deep Elf Wanderer)               Turns: 53, Time: 00:00:49

Health: 0/10       AC:  8    Str:  9    XL:     1   Next: 41%
Magic:  9/9        EV:  8    Int: 15    God:
Gold:   0          SH:  0    Dex: 15    Spells: 11/12 levels left

rFire   . . .      SeeInvis .   a - +0 dagger
rCold   . . .      Faith    .   (no shield)
rNeg    . . .      Spirit   .   c - +2 scale mail
rPois   .          Reflect  .   (no helmet)
rElec   .          Harm     .   (no cloak)
rCorr   .          Rampage  .   (no gloves)
Will    .....                   (no boots)
Stlth   +.........              (no amulet)
HPRegen 0.03/turn               (no ring)
MPRegen 0.11/turn               (no ring)

@: no status effects
A: no striking features
a: no special abilities


You were on level 2 of the Dungeon.
You visited 1 branch of the dungeon, and saw 2 of its levels.

Inventory:

Hand Weapons
 a - a +0 dagger (weapon)
Armour
 c - a +2 scale mail (worn)
 d - a +0 leather armour
Wands
 b - a wand of polymorph (4)


   Skills:
 + Level 1.5 Armour
 + Level 2.4 Stealth
 + Level 6.1 Spellcasting
 + Level 1.0 Invocations
 + Level 1.1 Evocations


You had 11 spell levels left.
You knew the following spells:

 Your Spells              Type           Power      Damage    Failure   Level
a - Freeze                Ice            16%        1d4       75%         1

Your spell library contained the following spells:

 Spells                   Type           Power      Damage    Failure   Level
 Ozocubu's Armour         Ice            4%         N/A       98%         3


Dungeon Overview and Level Annotations

Branches:
Dungeon (2/15)

Altars:


Message History

The jackal is severely wounded.
The jackal bites you but does no damage.
You hit the jackal but do no damage.
The jackal is severely wounded.
The jackal closely misses you. The jackal bites you.
You hit the jackal but do no damage.
The jackal is severely wounded.
The jackal bites you but does no damage.
You hit the jackal but do no damage.
The jackal is heavily wounded.
The jackal barely misses you.
You hit the jackal.
The jackal is severely wounded.
The jackal barely misses you. x2
You barely miss the jackal.
The jackal is severely wounded.
The jackal bites you.
* * * LOW HITPOINT WARNING * * *
Aiming: Polymorph
Press: ? - help, Shift-Dir - straight line, f - jackal
Aim: a jackal (severely wounded, will become a bat, a quokka, or a goblin, chance to affect: 68%)
The jackal evaporates and reforms as a goblin!
Unknown command.
You hit the goblin.
You kill the goblin!
Your Spellcasting skill increases to level 6!
Aiming: Polymorph
Press: ? - help, Shift-Dir - straight line, f - jackal
Aim: a jackal (will become a frilled lizard, a goblin, or a quokka, chance to affect: 68%)
The jackal evaporates and reforms as a frilled lizard!
You hit the frilled lizard.
You kill the frilled lizard!
The jackal bites you but does no damage.
Aiming: Polymorph
Press: ? - help, Shift-Dir - straight line, f - jackal
Aim: a jackal (will become a river rat, a giant cockroach, or an orc, chance to affect: 68%)
The jackal struggles to resist.
The jackal bites you but does no damage.
You hit the jackal but do no damage. The jackal bites you.
You die...

### ...
########.#
#........
#......# #....?.#
######.
#......###.......
#<......h@.#
#......#####
#..(...# #......#
#......# ########


You could see a jackal.

Vanquished Creatures
  A giant cockroach (D:2)
  A goblin (D:2)
  A frilled lizard (D:2)
3 creatures vanquished.

Notes
Turn   | Place    | Note
-------+----------+-------------------------------------------
     0 | D:1      | Masnef the Deep Elf Wanderer began the quest for the Orb.
     0 | D:1      | Masnef set off with the following items: a +0 dagger, a
                  | wand of polymorph (7), a +2 scale mail; and the following
                  | spell memorised: Freeze; and the following spells available
                  | to memorise: Ozocubu's Armour
     0 | D:1      | Reached XP level 1. HP: 10/10 MP: 9/9
    50 | D:2      | Reached skill level 6 in Spellcasting
    53 | D:2      | Slain by a jackal

Illustrated notes

Levels and vault maps discovered:
D:1:      dpeg_arrival_stonehenge_12_columns, layout_rooms,
          shapermc_ecumenical_altar_flowoftime
D:2:      layout_rooms, uniq_natasha

Skill      XL: |  1 |
---------------+----+-----
Spellcasting   | 6 |  6.1
Armour         | |  1.5
Stealth        | |  2.4
Invocations    | |  1.0
Evocations     | |  1.1

Action                   || total
-------------------------++-------
Melee: Dagger            ||    20
Evoke: Wand              ||     3
Armor: Scale mail        ||    12
Dodge: Dodged            ||    12
